 Dungeon Crawl Stone Soup version 0.26.0-16-gc1dbca0489 (webtiles) character file.

Game seed: 6244766292450770827

142356 dolemite99 the Grappler (level 16, 0/162 HPs)
             Began as a Troll Artificer on Jan 17, 2021.
             Was a High Priest of Okawaru.
             Succumbed to a nagaraja's splash of poison
             ... on level 2 of the Snake Pit on Jan 19, 2021.
             The game lasted 01:06:36 (31222 turns).

dolemite99 the Grappler (Troll Artificer)          Turns: 31222, Time: 01:06:37

Health: 0/162      AC: 24    Str: 28    XL:     16   Next: 80%
Magic:  0/20       EV: 11    Int: 10    God:    Okawaru [*****.]
Gold:   19         SH: 11    Dex: 10    Spells: 13/15 levels left

rFire    . . .     SeeInvis +     - Unarmed
rCold    + . .     Faith    .   b - +0 kite shield
rNeg     . . .     Spirit   +   T - +6 fire dragon scales
rPois    .         Reflect  .   q - +3 crown of Dyrovepreva {rElec Int+2 SInv}
rElec    +         Harm     .   O - scarf {repulsion}
rCorr    .         Rampage  .   (gloves unavailable)
Will     ++...                  (boots unavailable)
Stlth    ..........             E - amulet of Discretion {Spirit Will+}
HPRegen  0.77/turn              M - ring of ice
MPRegen  0.17/turn              V - ring of ice

@: lethally poisoned (0 -> -6), repel missiles
A: large, unfitting armour, claws 3, regeneration 1, shaggy fur 1, tough skin 3
a: Renounce Religion, Heroism, Finesse


You were on level 2 of the Snake Pit.
You worshipped Okawaru.
Okawaru was extremely pleased with you.
You visited 5 branches of the dungeon, and saw 26 of its levels.

You collected 2446 gold pieces.
You spent 2427 gold pieces at shops.

Inventory:

Hand Weapons
 p - the +9 scimitar of Equilibrium {vamp, Int+4 Stlth+}
   (You found it on level 3 of the Lair of Beasts)

   It inflicts no extra harm, but heals its wielder when it wounds a living foe.
   It affects your intelligence (+4).
   It makes you more stealthy.
Missiles
 y - 65 boomerangs
 B - 36 large rocks (quivered)
 C - 7 javelins
 I - 103 poisoned darts
 P - 18 silver javelins
 U - 2 throwing nets
Armour
 a - a +1 cloak
 b - a +0 kite shield (worn)
 n - a scarf of invisibility
 q - the +3 crown of Dyrovepreva (worn) {rElec Int+2 SInv}
   (You found it on level 2 of the Lair of Beasts)

   It affects your intelligence (+2).
   It insulates you from electricity.
   It lets you see invisible.
 O - a scarf of repulsion (worn)
 T - +6 fire dragon scales (worn)
 X - +3 swamp dragon scales
Magical Staves
 d - an uncursed staff of death
 k - an uncursed staff of cold
Jewellery
 c - an uncursed ring of see invisible
 g - an uncursed ring of protection from fire
 E - the amulet of Discretion (around neck) {Spirit Will+}
   (You found it on level 8 of the Dungeon)

   [amulet of guardian spirit]

   It causes incoming damage to be split between your health and magic.
   It affects your willpower, your defense against some magical effects.
 M - a ring of ice (left claw)
 V - a ring of ice (right claw)
 Y - an uncursed amulet of reflection
Wands
 e - a wand of random effects (58)
 m - a wand of paralysis (5)
 x - a wand of iceblast (22)
 D - a wand of flame (38)
 F - a wand of disintegration (7)
 G - a wand of polymorph (24)
 J - a wand of digging (1)
Scrolls
 f - 3 scrolls of fear
 h - 14 scrolls of remove curse {@r2}
 j - 9 scrolls of teleportation
 o - 5 scrolls of amnesia
 r - a scroll of blinking
 s - 3 scrolls of identify {@r1}
 A - 5 scrolls of brand weapon
 N - 5 scrolls of vulnerability
 S - 4 scrolls of fog
 Z - 2 scrolls of enchant weapon
Potions
 i - 3 potions of lignification
 l - a potion of magic
 t - 7 potions of flight
 w - 4 potions of attraction
 z - 2 potions of curing
 H - a potion of might
 K - 5 potions of brilliance
 L - a potion of cancellation
 W - 2 potions of haste
Miscellaneous
 u - a phantom mirror (inert)
 Q - a lightning rod (1/4)
 R - a box of beasts


   Skills:
 + Level 11.0 Fighting
 + Level 11.7 Throwing
 + Level 10.7 Armour
 - Level 7.2 Dodging
 - Level 0.3 Stealth
 - Level 9.2 Shields
 + Level 13.1 Unarmed Combat
 - Level 6.8 Invocations
 - Level 7.0 Evocations


You had 13 spell levels left.
You knew the following spells:

 Your Spells              Type           Power        Failure   Level
a - Animate Skeleton      Necr           0%           63%         1
b - Apportation           Tloc           0%           63%         1

Your spell library contained the following spells:

 Spells                   Type           Power        Failure   Level
 Beastly Appendage        Tmut           0%           63%         1
 Corona                   Hex            0%           63%         1
 Foxfire                  Conj/Fire      0%           63%         1
 Magic Dart               Conj           0%           63%         1
 Pain                     Necr           0%           63%         1
 Summon Small Mammal      Summ           0%           63%         1
 Blink                    Tloc           N/A          77%         2
 Call Imp                 Summ           0%           77%         2
 Searing Ray              Conj           0%           77%         2
 Slow                     Hex            0%           77%         2
 Wereblood                Tmut           0%           77%         2
 Confusing Touch          Hex            0%           94%         3
 Conjure Flame            Conj/Fire      0%           94%         3
 Dazzling Flash           Conj/Hex       0%           94%         3
 Gell's Gravitas          Tloc           0%           94%         3
 Inner Flame              Hex/Fire       0%           94%         3
 Mephitic Cloud           Conj/Pois/Air  0%           94%         3
 Spider Form              Tmut/Pois      0%           94%         3
 Vampiric Draining        Necr           0%           94%         3
 Animate Dead             Necr           0%           100%        4
 Fulminant Prism          Conj/Hex       0%           100%        4
 Ice Form                 Ice/Tmut       0%           100%        4
 Iskenderun's Mystic Bla  Conj/Tloc      0%           100%        4
 Petrify                  Tmut/Erth      0%           100%        4
 Sticky Flame             Conj/Fire      0%           100%        4
 Agony                    Necr           0%           100%        5
 Blade Hands              Tmut           0%           100%        5
 Fireball                 Conj/Fire      0%           100%        5
 Metabolic Englaciation   Hex/Ice        0%           100%        5
 Yara's Violent Unravell  Hex/Tmut       0%           100%        5


Dungeon Overview and Level Annotations

Branches:
Dungeon (15/15)            Temple (1/1) D:4            Lair (6/6) D:11
 Shoals (0/4) Lair:4        Snake (2/4) Lair:4        Slime (0/5) Lair:5
    Orc (2/2) D:9             Elf (0/3) Orc:2        Vaults (0/5) D:13
 Depths (0/5) D:15

Altars:
Ashenzari
Cheibriados
Dithmenos
Elyvilon
Fedhas
Gozag
Hepliaklqana
Kikubaaqudgha
Makhleb
Nemelex Xobeh
Okawaru
Qazlal
Ru
Sif Muna
Trog
Uskayaw
Vehumet
Wu Jian
Xom
Yredelemnul
Zin
The Shining One
Jiyva

Shops:
D:5 !   D:6 (   D:12 ?   D:14 :   Orc:1 [:?*   Orc:2 [(:*:[?

Annotations:
D:4 1 runed translucent door
D:12 3 runed translucent doors, exclusion: downstairs, collin38's ghost, journeyman MiBe
Lair:1 exclusion: oklob plant
Lair:2 Sirue's ghost, journeyman MfWr
Lair:4 exclusion: oklob plant
Lair:6 1 runed translucent door
Snake:2 Aizul


Innate Abilities, Weirdness & Mutations

You are too large for most types of armour.
You have claws for hands.
Your natural rate of healing is unusually fast.
You are covered in fur. (AC +1)
You have extremely tough skin. (AC +3)


Message History

The anaconda constricts you.
The salamander mystic hits you but does no damage.
Blink to where?
Press: ? - help, Dir - move target You escape the anaconda's grasp.
As you read the scroll of blinking, it crumbles to dust.
A naga mage and a nagaraja come into view.
The naga mage is wielding a +0 vorpal spear.
You feel sick.
The nagaraja shouts!
The naga mage shouts!
A black mamba comes into view.
The nagaraja spits poison at you. The splash of poison hits you!
You are more poisoned.
* * * LOW HITPOINT WARNING * * *
The black mamba hisses angrily.
Found a leather armour.
* * * LOW HITPOINT WARNING * * *
You feel sick.
You die...

....... .......
..<#... .$.N...
.......# ######
..#.^... .....
[......# ...
..N..#.# ###.#
.......# #.@.#
.......# ##.###
.......# .#.#
######S#
#..........# #.#
#..S....≈≈.# #N#
#.N.....≈≈.# #.#
#.#.#...≈≈.#
#.###N...'.N.N≈.#
#.##.#####....S...


You could see a salamander mystic, an anaconda and a naga.

Vanquished Creatures
  Frances (D:13)
  An ironheart preserver (D:13)
  3 ghouls (D:13)
  2 stone giants (Orc:1)
  Snorg (D:12)
  A fire dragon (Lair:6)
  Fannar (Lair:1)
  Josephine (D:10)
  Harold (D:11)
  4 naga warriors (Snake:1)
  A boulder beetle (D:14)
  Erolcha (D:9)
  5 hydras
  2 catoblepae
  29 two-headed ogres
  3 centaur warriors
  4 anacondas (Snake:1)
  5 ogre magi
  10 death yaks
  A naga sharpshooter (Snake:2)
  2 shock serpents
  A fire crab (Lair:5)
  3 unseen horrors
  9 skeletal warriors
  A glowing orange brain (D:15)
  A swamp dragon (Lair:6)
  A lindwurm (Lair:6)
  2 mana vipers (Snake:2)
  3 orc knights
  An orc sorcerer (Orc:2)
  A deep elf mage (D:13)
  4 salamanders
  A manticore (Lair:4)
  4 cyclopes
  14 ugly things
  Joseph (D:9)
  6 naga magi
  3 guardian serpents
  Maurice (D:9)
  6 centaur zombies
  16 black mambas
  12 elephants
  6 torpor snails
  4 gargoyles
  A torpor snail (shapeshifter) (D:15)
  3 centaur skeletons
  11 cane toads
  Maggie (Lair:1)
  An efreet (D:13)
  A redback zombie (D:13)
  7 komodo dragons
  2 rime drakes
  3 kobold demonologists
  A yaktaur (shapeshifter) (D:15)
  A yaktaur (D:12)
  A queen bee (shapeshifter) (D:8)
  A polar bear (Lair:5)
  A wind drake (Lair:4)
  3 meliai (D:14)
  8 trolls
  3 tyrant leeches (Lair:6)
  5 hornets (Lair:6)
  Prince Ribbit (D:5)
  5 slime creatures
  27 blink frogs
  A meliai zombie (D:13)
  3 dream sheep
  2 redbacks (D:15)
  A spriggan (shapeshifter) (D:15)
  32 yaks
  A vampire (D:15)
  8 wyverns
  Grum (D:8)
  7 wraiths
  11 basilisks
  A hog (shapeshifter) (D:15)
  5 vampire mosquitoes
  2 steam dragons (Lair:6)
  Edmund (D:6)
  3 wargs
  14 nagas
  2 soldier ants
  5 acid dragons
  16 water moccasins
  7 ice beasts
  3 sky beasts
  23 orc warriors
  2 phantoms (D:12)
  2 swamp drakes (Lair:6)
  2 eyes of draining
  An ogre (shapeshifter) (D:13)
  2 black bears
  32 ogres
  27 wolves
  8 centaurs
  20 big kobolds
  Blork the orc (D:5)
  21 bullfrogs
  A gnoll sergeant (Orc:1)
  2 wyvern zombies
  A wyvern skeleton (D:14)
  4 scorpions
  15 killer bees
  4 wights (D:7)
  A howler monkey (D:6)
  2 bullfrog zombies (D:13)
  4 jellies
  8 hounds
  4 bullfrog skeletons
  A gnoll shaman (D:6)
  15 orc priests
  25 orc wizards
  5 iguanas
  8 worker ants
  A hound zombie (D:8)
  6 mummies
  2 worker ant zombies
  18 gnolls
  13 adders
  A shadow imp (D:8)
  15 white imps
  2 oozes
  An adder skeleton (D:7)
  3 worms
  2 dart slugs
  6 leopard geckos
  97 orcs
  A ball python (D:2)
  2 giant cockroaches (D:3)
  6 goblins
  13 hobgoblins
  9 jackals
  6 quokkas
  A ball python skeleton (D:4)
  5 bats
  7 frilled lizards
  2 jackal skeletons
  29 kobolds
  A leopard gecko skeleton (D:8)
  7 rats
890 creatures vanquished.

Vanquished Creatures (collateral kills)
  A naga warrior (Snake:1)
  A lindwurm (Lair:6)
  2 ugly things (D:15)
  A wyvern (D:14)
  A redback (D:15)
  A naga (Snake:1)
  An ogre (Orc:2)
  A bullfrog (D:13)
  A wyvern skeleton (D:8)
  An orc (Orc:1)
11 creatures vanquished.

Vanquished Creatures (others)
  2 hornets (Lair:6)
  2 slime creatures (D:15)
  A redback (D:15)
  An orc warrior (Orc:1)
  A bush (Lair:3)
  23 fungi
  64 plants
  11 withered plants
105 creatures vanquished.

Grand Total: 1006 creatures vanquished

Notes
Turn   | Place    | Note
-------+----------+-------------------------------------------
     0 | D:1      | dolemite99 the Troll Artificer began the quest for the Orb.
     0 | D:1      | Reached XP level 1. HP: 18/18 MP: 0/0
    88 | D:1      | Reached skill level 1 in Unarmed Combat
   100 | D:1      | Reached XP level 2. HP: 22/26 MP: 1/1
   115 | D:1      | Reached skill level 2 in Unarmed Combat
   360 | D:1      | Reached XP level 3. HP: 32/32 MP: 2/2
   580 | D:1      | Reached skill level 3 in Unarmed Combat
   892 | D:2      | Reached XP level 4. HP: 40/40 MP: 3/3
  1095 | D:2      | Reached skill level 4 in Unarmed Combat
  1694 | D:3      | Reached XP level 5. HP: 46/46 MP: 4/4
  1743 | D:3      | Reached skill level 5 in Unarmed Combat
  2423 | D:4      | Found a staircase to the Ecumenical Temple.
  2437 | Temple   | Entered the Ecumenical Temple
  2465 | Temple   | Became a worshipper of Warmaster Okawaru
  2613 | D:4      | Reached XP level 6. HP: 21/54 MP: 5/5
  2836 | D:4      | Reached skill level 6 in Unarmed Combat
  2988 | D:4      | Found a glowing golden altar of the Shining One.
  2988 | D:4      | Noticed an angel
  2989 | D:4      | Found a runed translucent door.
  3160 | D:4      | Found an ornate altar of the Wu Jian Council.
  3160 | D:4      | Found a sparkling altar of Nemelex Xobeh.
  3222 | D:5      | Entered Level 5 of the Dungeon
  3306 | D:5      | Noticed Prince Ribbit
  3370 | D:5      | Killed Prince Ribbit
  3371 | D:5      | Reached skill level 7 in Unarmed Combat
  3698 | D:5      | Found Tettae's Distillery.
  3703 | D:5      | Bought a potion of curing for 36 gold pieces
  3703 | D:5      | Bought a potion of might for 48 gold pieces
  3703 | D:5      | Bought a potion of heal wounds for 60 gold pieces
  3703 | D:5      | Bought a potion of degeneration for 12 gold pieces
  3902 | D:5      | Found a radiant altar of Vehumet.
  3971 | D:5      | Noticed Blork the orc
  3990 | D:5      | Killed Blork the orc
  3991 | D:5      | Reached XP level 7. HP: 58/61 MP: 6/6
  4224 | D:6      | Found Plog's Weapon Emporium.
  4397 | D:6      | Reached * piety under Okawaru
  4398 | D:6      | Reached skill level 8 in Unarmed Combat
  4745 | D:6      | Noticed Edmund
  4767 | D:6      | Killed Edmund
  4768 | D:6      | Reached skill level 9 in Unarmed Combat
  4827 | D:6      | Reached XP level 8. HP: 50/68 MP: 7/7
  5271 | D:6      | Reached ** piety under Okawaru
  5367 | D:7      | Reached skill level 10 in Unarmed Combat
  5369 | D:7      | Found an ancient bone altar of Kikubaaqudgha.
  5554 | D:7      | Reached skill level 11 in Unarmed Combat
  5908 | D:7      | Found a burning altar of Makhleb.
  6243 | D:8      | Reached XP level 9. HP: 75/75 MP: 8/8
  6254 | D:8      | Reached *** piety under Okawaru
  6255 | D:8      | Reached skill level 1 in Fighting
  6427 | D:8      | Noticed a queen bee
  6438 | D:8      | Reached skill level 1 in Invocations
  6445 | D:8      | Killed a queen bee
  6685 | D:8      | Noticed Grum
  6711 | D:8      | Killed Grum
  6727 | D:8      | Reached **** piety under Okawaru
  6813 | D:8      | Reached skill level 5 in Invocations
  6864 | D:8      | Got a translucent graven amulet
  6870 | D:8      | Identified the amulet of Discretion {Spirit Will+} (You
                  | found it on level 8 of the Dungeon)
  6976 | D:8      | Noticed a white ugly thing
  6990 | D:8      | Killed a white ugly thing
  7197 | D:8      | Noticed a troll
  7204 | D:8      | Killed a troll
  7205 | D:8      | Reached XP level 10. HP: 67/89 MP: 10/14
  7320 | D:9      | Noticed Maurice
  7349 | D:9      | Killed Maurice
  7519 | D:9      | Received a gift from Okawaru
  7519 | D:9      | Reached ***** piety under Okawaru
  7545 | D:9      | Received a gift from Okawaru
  7693 | D:9      | Noticed Erolcha
  7699 | D:9      | Killed Erolcha
  7699 | D:9      | Received a gift from Okawaru
  7700 | D:9      | Reached skill level 5 in Fighting
  7769 | D:9      | Noticed a two-headed ogre
  7778 | D:9      | Killed a two-headed ogre
  7779 | D:9      | Reached skill level 5 in Dodging
  7848 | D:9      | Found a staircase to the Orcish Mines.
  8004 | D:9      | Noticed Joseph
  8012 | D:9      | Killed Joseph
  8013 | D:9      | Reached XP level 11. HP: 78/105 MP: 10/15
  8946 | D:10     | Entered Level 10 of the Dungeon
  9138 | D:10     | Noticed Josephine
  9152 | D:10     | Killed Josephine
  9244 | D:10     | Noticed a two-headed ogre
  9247 | D:10     | Killed a two-headed ogre
  9333 | D:10     | Received a gift from Okawaru
  9336 | D:10     | Got a shimmering hat {god gift}
  9346 | D:10     | Identified the +0 hat of Hebieg {Rampage *Drain rElec
                  | rPois} (Okawaru gifted it to you on level 10 of the
                  | Dungeon)
  9971 | D:10     | Killed an unseen horror
 10194 | D:11     | Noticed Harold
 10222 | D:11     | Reached skill level 5 in Throwing
 10236 | D:11     | Killed an unseen horror
 10301 | D:11     | Killed Harold
 11317 | D:11     | Found a staircase to the Lair.
 11454 | D:12     | Noticed a skeletal warrior
 11454 | D:12     | Noticed a skeletal warrior
 11455 | D:12     | Noticed a skeletal warrior
 11464 | D:11     | Reached XP level 12. HP: 87/118 MP: 9/16
 11859 | Lair:1   | Entered Level 1 of the Lair of Beasts
 11859 | Lair:1   | Noticed Fannar
 11875 | Lair:1   | Killed Fannar
 12306 | Lair:1   | Received a gift from Okawaru
 12605 | Lair:1   | Noticed Maggie
 12625 | Lair:1   | Killed Maggie
 12860 | Lair:1   | Reached skill level 1 in Armour
 12958 | Lair:2   | Found a runed translucent door.
 12959 | Lair:2   | Noticed Sirue's ghost (journeyman MfWr)
 13166 | Lair:2   | Noticed a seven-headed hydra
 13174 | Lair:2   | Killed a seven-headed hydra
 13174 | Lair:2   | Received a gift from Okawaru
 13309 | Lair:2   | Reached skill level 12 in Unarmed Combat
 13431 | Lair:2   | Found the +3 crown of Dyrovepreva {rElec Int+2 SInv}
 14316 | Lair:3   | Noticed a five-headed hydra
 14327 | Lair:2   | Received a gift from Okawaru
 14354 | Lair:3   | Noticed a four-headed hydra
 14860 | Lair:3   | Killed a five-headed hydra
 14929 | Lair:3   | Reached skill level 5 in Armour
 15009 | Lair:3   | Reached XP level 13. HP: 100/127 MP: 12/17
 15269 | Lair:3   | Received a gift from Okawaru
 15353 | Lair:3   | Learned a level 1 spell: Animate Skeleton
 15378 | Lair:3   | Got a warped scimitar
 16311 | Lair:4   | Found a staircase to the Snake Pit.
 16368 | Lair:4   | Identified the +9 scimitar of Equilibrium {vamp, Int+4
                  | Stlth+} (You found it on level 3 of the Lair of Beasts)
 16472 | Lair:4   | Found a staircase to the Shoals.
 16854 | Lair:4   | Reached skill level 5 in Evocations
 16925 | Lair:4   | Learned a level 1 spell: Apportation
 17106 | Lair:5   | You fall into a shaft and drop 1 floor!
 17106 | Lair:6   | Entered Level 6 of the Lair of Beasts
 17295 | Lair:5   | HP: 6/127 [fire crab (17)]
 17729 | Lair:5   | Found a viscous altar of Jiyva.
 17729 | Lair:5   | Found a staircase to the Slime Pits.
 17799 | Lair:5   | Reached XP level 14. HP: 112/135 MP: 14/18
 19297 | Lair:6   | Received a gift from Okawaru
 19731 | Lair:6   | Found a runed translucent door.
 19733 | Lair:6   | Received a gift from Okawaru
 20445 | Lair:6   | Received a gift from Okawaru
 20887 | Lair:6   | Paralysed by a hornet for 1 turns
 21323 | D:12     | Received a gift from Okawaru
 21375 | D:12     | Found a sacrificial altar of Ru.
 21451 | D:12     | Found Iqyv's Magic Scroll Emporium.
 21460 | D:12     | Bought a scroll of teleportation for 48 gold pieces
 21460 | D:12     | Bought a scroll of blinking for 120 gold pieces
 21460 | D:12     | Bought a scroll of summoning for 152 gold pieces
 21535 | D:12     | Found a runed translucent gate.
 21535 | D:12     | Found a runed translucent gate.
 21536 | D:12     | Found a runed translucent gate.
 21536 | D:12     | Noticed collin38's ghost (journeyman MiBe)
 21642 | D:12     | Reached skill level 10 in Throwing
 22313 | D:13     | Noticed Snorg
 22314 | D:13     | Noticed Frances
 22328 | D:12     | Killed Snorg
 22328 | D:12     | Received a gift from Okawaru
 22456 | Orc:1    | Entered Level 1 of the Orcish Mines
 22456 | Orc:1    | Found Ufaypt's General Store.
 22456 | Orc:1    | Noticed a stone giant
 22466 | Orc:1    | Killed a stone giant
 22930 | Orc:1    | Noticed a stone giant
 22956 | Orc:1    | Killed a stone giant
 22965 | Orc:1    | Received a gift from Okawaru
 23172 | Orc:1    | Found Deimuc's Book Emporium.
 23174 | Orc:1    | Found Ymibod's Magic Scroll Boutique.
 23182 | Orc:1    | Bought a scroll of summoning for 114 gold pieces
 23213 | Orc:1    | Found Anoalutu's Armour Emporium.
 23223 | Orc:1    | Bought a +0 kite shield for 67 gold pieces
 23299 | Orc:2    | Entered Level 2 of the Orcish Mines
 23311 | Orc:2    | Found a staircase to the Elven Halls.
 23375 | Orc:2    | Reached skill level 1 in Shields
 23411 | Orc:2    | Found Ziulen's General Store.
 23544 | Orc:2    | Reached XP level 15. HP: 149/149 MP: 19/19
 23581 | Orc:2    | Received a gift from Okawaru
 23622 | Orc:2    | Reached skill level 5 in Shields
 23637 | Orc:2    | Received a gift from Okawaru
 23948 | Orc:2    | Found Loryfi's Book Emporium.
 23990 | Orc:2    | Found Lesimajo's Antique Armour Boutique.
 24006 | Orc:2    | Bought a cloak for 144 gold pieces
 24061 | Orc:2    | Found Yfiev's Magic Scroll Boutique.
 24070 | Orc:2    | Bought a scroll of enchant armour for 127 gold pieces
 24070 | Orc:2    | Bought a scroll of teleportation for 51 gold pieces
 24070 | Orc:2    | Bought a scroll of fear for 59 gold pieces
 24070 | Orc:2    | Bought a scroll of teleportation for 51 gold pieces
 24149 | Orc:2    | Found Foimpext's Book Emporium.
 24149 | Orc:2    | Found Veduh's Antique Armour Boutique.
 24149 | Orc:2    | Found Ziqarras's Antique Weapon Boutique.
 24149 | Orc:2    | Found Avaruid's Magic Scroll Shoppe.
 24250 | Orc:1    | Bought an uncursed ring of see invisible for 210 gold
                  | pieces
 24630 | D:13     | Received a gift from Okawaru
 25329 | D:13     | Found a gate to the Vaults.
 25367 | D:13     | Killed Frances
 25584 | D:13     | Received a gift from Okawaru
 25872 | D:14     | Reached skill level 10 in Fighting
 25951 | D:14     | Received a gift from Okawaru
 26187 | D:14     | Received a gift from Okawaru
 26484 | D:13     | Reached XP level 16. HP: 132/158 MP: 16/20
 26800 | D:14     | Found Ficla's Book Emporium.
 27265 | D:15     | Entered Level 15 of the Dungeon
 27339 | D:15     | Reached skill level 10 in Armour
 27685 | D:15     | Received a gift from Okawaru
 28170 | D:15     | Received a gift from Okawaru
 28320 | D:15     | Found a staircase to the Depths.
 28791 | D:8      | Identified the +10 plate armour "Yphocui" {rN++}
 28904 | D:5      | Bought a potion of heal wounds for 60 gold pieces
 28904 | D:5      | Bought 2 potions of curing for 72 gold pieces
 28904 | D:5      | Bought a potion of haste for 120 gold pieces
 28904 | D:5      | Bought a potion of cancellation for 96 gold pieces
 29051 | Orc:2    | Bought a lightning rod (4/4) for 390 gold pieces
 29061 | Orc:2    | Bought an uncursed amulet of reflection for 390 gold pieces
 29256 | Snake:1  | Entered Level 1 of the Snake Pit
 30095 | Snake:1  | Received a gift from Okawaru
 30096 | Snake:1  | Reached skill level 13 in Unarmed Combat
 30707 | Snake:1  | Identified the +3 flail "Tioc" {vorpal, rC+ Int+2 Dex+2}
                  | (You found it on level 1 of the Snake Pit)
 30748 | Snake:2  | Noticed Aizul
 31185 | Snake:2  | Received a gift from Okawaru
 31220 | Snake:2  | HP: 1/162 [nagaraja/splash of poison (11)]
 31222 | Snake:2  | Succumbed to a nagaraja's splash of poison

Illustrated notes

Levels and vault maps discovered:
D:1:      dpeg_arrival_chambers_temple_mockup, layout_basic
D:2:      layout_basic, minmay_misc_feat_tiny, wad_orctagon
D:3:      layout_rooms, minmay_misc_feat_plants, st_stairs_6
D:4:      layout_rooms, gammafunk_temple_overflow_elements,
          minmay_temple_entry_trees, kennysheep_path_1, lemuel_angel_altar
D:5:      layout_basic, old_standard_altar, serial_shops, kennysheep_little_box,
          uniq_prince_ribbit1, uniq_blork_the_orc
D:6:      layout_cave_pods, serial_shops, shop, uniq_edmund
D:7:      layout_loops_ring, lemuel_crystal_altar, basic_altar,
          minmay_misc_feat_chi
D:8:      minmay_the_grid_square_5x5_3x3
          [minmay_the_grid_square_5x5_checkered_statues,
          minmay_the_grid_square_5x5_inner_z,
          minmay_the_grid_square_5x5_tetrominoes,
          minmay_the_grid_square_5x5_forky,
          minmay_the_grid_square_5x5_megaprize_open,
          minmay_the_grid_square_5x5_gyroscope,
          minmay_the_grid_square_5x5_doubleslash,
          minmay_the_grid_square_5x5_intrusive_squares,
          minmay_the_grid_square_5x5_six], layout_basic, uniq_grum
D:9:      layout_roguey [special_room_kobold], erik_orc_3, grunt_ministairs_4,
          uniq_joseph, uniq_maurice, uniq_erolcha
D:10:     layout_gridville, uniq_josephine
D:11:     layout_rooms, lair_entry_dummy, grunt_ministairs_2, uniq_harold
D:12:     layout_layer_cave, serial_shops, shop, gammafunk_ghost_split,
          hangedman_ru_absence
D:13:     layout_rooms, skrybe_vaults_entry_preservation, serial_undead,
          serial_undead_b, serial_undead_b, serial_undead_a, serial_undead_b,
          serial_undead_b, serial_undead_c, serial_undead_d, serial_undead_d,
          serial_undead_f, serial_undead_a, uniq_frances, uniq_snorg
D:14:     layout_roguey, portal_ice_cave_entry_imps, serial_shops,
          nicolae_shop_stone, palyth_stone_intersect, nrook_loot_triangle
D:15:     gammafunk_enter_depths_forms, layout_loops_ring, drop_trap
Temple:   nicolae_temple_no_exploring_needed
Lair:1:   layout_concentric_octagons, chequers_serial_rivers_micro_e,
          lemuel_fruit_tree, minmay_lair_oklob_chamber, uniq_fannar, uniq_maggie
Lair:2:   layout_loops_ring, gammafunk_ghost_grave, minivault_19,
          chequers_serial_rivers_large_a, serial_bayou_shore_b
Lair:3:   layout_gridlike, lemuel_fruit_fields
Lair:4:   minmay_lair_oklob_tunnel, layout_hall_layers,
          minmay_shoals_entry_beasts, guppyfry_snake_entry_garden
Lair:5:   layout_gridlike, slime_altar_1, infiniplex_staircase_pool
Lair:6:   wormcave, layout_misc_corridors, guppyfry_lair_end_dragon
Snake:1:  layout_misc_corridors, nicolae_snake_shapes
Snake:2:  layout_basic, evilmike_ambush [evilmike_ambush_outer_basic,
          evilmike_ambush_inner_basic], uniq_aizul
Orc:1:    layout_caves, serial_shops, shop, shop, shop, shop, sword_in_stone
Orc:2:    st_orc_ogre_mass, layout_caves, serial_shops, shop, shop, shop,
          nicolae_shop_trees, nicolae_orc_rockfall

Skill      XL: |  1  2  3  4  5  6  7  8  9 10 11 12 13 14 15 16 |
---------------+-------------------------------------------------+-----
Unarmed Combat | 1 2 3 4 5 7 9 11 12 13 | 13.1
Fighting       | 2 6 7 9 10 11 | 11.0
Invocations    | 6 |  6.8
Dodging        | 5 6 7 |  7.2
Throwing       | 7 8 10 11 | 11.7
Armour         | 5 9 10 | 10.7
Evocations     | 3 6 7 |  7.0
Shields        | 1 9 |  9.2
Stealth        | |  0.3

Action                   |  1- 3 |  4- 6 |  7- 9 | 10-12 | 13-15 | 16-18 || total
-------------------------+-------+-------+-------+-------+-------+-------++-------
Melee: Unarmed           |    69 |   179 |   232 |   556 |  1086 |   448 ||  2570
       Punch             |     3 |     2 |     7 |    29 |    57 |       ||    98
 Fire: Hand crossbow     |       |       |     4 |    54 |       |       ||    58
Throw: Boomerang         |       |       |    18 |    54 |       |       ||    72
       Large rock        |       |       |       |    19 |   251 |   110 ||   380
       Javelin           |       |       |       |     2 |       |       ||     2
Invok: Heroism           |       |       |     1 |    29 |    44 |    12 ||    86
       Finesse           |       |       |       |     4 |    17 |     6 ||    27
 Abil: Evoke Flight      |       |       |       |       |     1 |       ||     1
Evoke: Wand              |    15 |       |       |    14 |    15 |    11 ||    55
       Box of beasts     |       |       |       |       |     3 |     2 ||     5
       Phantom mirror    |       |       |       |       |     1 |     3 ||     4
       Lightning rod     |       |       |       |       |       |     5 ||     5
  Use: Scroll            |       |     9 |     6 |    18 |    18 |     6 ||    57
       Potion            |       |       |     4 |    11 |     6 |     7 ||    28
 Stab: Sleeping          |       |       |       |     1 |       |       ||     1
       Confused          |       |       |       |       |     1 |       ||     1
       Distracted        |       |       |       |       |     2 |       ||     2
Armor: Robe              |    27 |    70 |    75 |   149 |       |       ||   321
       Swamp dragon scal |       |       |       |    51 |   291 |       ||   342
       Fire dragon scale |       |       |       |       |   254 |   197 ||   451
Dodge: Dodged            |    42 |    90 |   102 |   376 |   617 |   125 ||  1352
       Repelled          |       |       |       |       |     7 |     3 ||    10
Block: Kite shield       |       |       |       |       |   198 |   298 ||   496
       Reflection        |       |       |       |       |       |     8 ||     8
